[Event "Team 45 45 League T70"]
[Site "Internet Chess Club"]
[Date "2016.10.14"]
[Round "6"]
[White "idjit"]
[Black "Scorpius"]
[Result "1-0"]
[WhiteElo "1516"]
[BlackElo "1314"]
[Opening "Petrov: classical attack, Marshall variation"]
[ECO "C42"]
[Time "21:00:13"]
[TimeControl "2700+45"]

1. e4 e5 2. Nf3 Nf6 3. Nxe5 d6 4. Nf3 Nxe4 5. d4 d5 6. Bd3 Bd6 7. O-O O-O 8. c4
c6 9. Bxe4 dxe4 10. Ng5 Nd7 11. Nxe4 Bxh2+ 12. Kxh2 Qh4+ 13. Kg1 Qxe4 14. Nc3
Qh4 15. Be3 Nf6 16. f3 Re8 17. Bf2 Qg5 18. Qc1 Qg6 19. Qf4 Bf5 20. Rfe1 Bd3 21.
d5 Nh5 22. Qd4 cxd5 23. Nxd5 Kf8 24. Qc5+ Kg8 25. Rxe8+ Rxe8 26. Ne7+ {Black
resigns} 1-0

[Event "Team 45 45 League T70"]
[Site "Internet Chess Club"]
[Date "2016.10.17"]
[Round "6"]
[White "Skeptic1972"]
[Black "Bryant-L"]
[Result "0-1"]
[WhiteElo "1526"]
[BlackElo "1745"]
[Opening "French: Winawer, advance, 5.a3"]
[ECO "C17"]
[Time "14:10:03"]
[TimeControl "2700+45"]

1. e4 e6 2. d4 d5 3. Nc3 Bb4 4. e5 c5 5. a3 cxd4 6. axb4 dxc3 7. bxc3 Qc7 8. Bb2
Qxe5+ 9. Qe2 Nc6 10. Nf3 Qxe2+ 11. Bxe2 Nge7 12. O-O-O O-O 13. Nd4 Bd7 14. Nb3
b6 15. b5 Ne5 16. f4 N5g6 17. g3 Rac8 18. Nd4 e5 19. fxe5 Nxe5 20. Rhe1 f6 21.
Ba3 Rfe8 22. Kb2 Kf7 23. Bb4 Be6 24. Nxe6 Kxe6 25. Bf3 Rcd8 26. Ra1 Rd7 27. Bg4+
f5 28. Bf3 Kf6 29. Bg2 N7g6 30. Rad1 Nc4+ 31. Kb3 Rxe1 32. Rxe1 Nge5 33. Re2 g5
34. h3 f4 35. gxf4 gxf4 36. Rf2 Kf5 37. Bf8 Ne3 38. Bh6 Nxg2 39. Rxg2 Ke4 40.
Re2+ Kf5 41. Rf2 f3 42. Be3 Ke4 43. Bd4 Ng6 44. Rf1 Nf4 45. h4 Ne2 46. h5 Rf7
47. Bf2 Rc7 48. Bd4 Rc4 49. Bg7 Ke3 50. Bh6+ Nf4 51. Bxf4+ Rxf4 52. Kb2 Ke2 53.
Rh1 f2 54. Rh2 Ke1 55. Rh1+ f1=Q 56. Rxf1+ Rxf1 {White resigns} 0-1

[Event "Team 45 45 League T70"]
[Site "Internet Chess Club"]
[Date "2016.10.15"]
[Round "6"]
[White "timothysmall56"]
[Black "Ajolote"]
[Result "1-0"]
[WhiteElo "1712"]
[BlackElo "1650"]
[Opening "Sicilian: Nimzovich-Rossolimo attack (without ...d6)"]
[ECO "B30"]
[Time "19:04:19"]
[TimeControl "2700+45"]

1. e4 c5 2. Nf3 Nc6 3. Bb5 d6 4. Bxc6+ bxc6 5. O-O e5 6. c3 Nf6 7. Re1 Be7 8. d4
cxd4 9. cxd4 exd4 10. Nxd4 c5 11. Nc6 Qd7 12. Nxe7 Qxe7 13. Nc3 O-O 14. Bg5 Qe6
15. Qf3 Nd7 16. e5 Rb8 17. exd6 Qg6 18. Be7 Re8 19. b3 Bb7 20. Qg3 Qxg3 21. fxg3
Nb6 22. Rad1 Bc6 23. Kf2 f6 24. Ne4 Bxe4 25. Rxe4 Kf7 26. Re3 Nd7 27. a3 Ne5 28.
h3 Nd7 29. Rc1 a5 30. Rce1 Ne5 31. g4 h6 32. g3 Ra8 33. Rc1 Rac8 34. Rxe5 fxe5
35. d7 Kxe7 36. dxe8=Q+ Kxe8 37. Re1 Kd7 38. Rxe5 Kd6 39. Re4 Rb8 40. Re3 Rb7
41. Ke2 Kd5 42. Kd2 Kd4 43. Rd3+ Ke4 44. Rc3 Kd5 45. Kc2 Rf7 46. Rd3+ Kc6 47.
Kc3 Rf2 48. Kc4 Rc2+ 49. Rc3 Rd2 50. Rf3 Rd4+ 51. Kc3 Rd7 52. a4 Re7 53. Kd2 Kd5
54. Rf5+ Kd4 55. h4 Rd7 56. Kc2 Re7 57. Rf4+ Kd5 58. Rf3 Re2+ 59. Kc3 Re7 60. g5
hxg5 61. Rf5+ Kc6 62. Rxg5 Re3+ 63. Kc2 Re2+ 64. Kd3 Re7 65. g4 Rb7 66. Kc3 Rf7
67. Rf5 Re7 68. Rg5 Rf7 69. h5 Rf3+ 70. Kb2 Rf2+ 71. Ka3 Rf7 72. Rg6+ Kd5 73. g5
Ke5 74. h6 gxh6 75. Rxh6 Rg7 76. Ra6 Rxg5 77. Rxa5 Kd6 78. Rb5 Kc6 79. Rb8 Rg7
80. a5 Ra7 81. Rb6+ Kc7 82. Ka4 Kd7 83. Kb5 Ra8 84. a6 Rc8 85. Rb7+ Kd6 86. a7
Ra8 87. Kb6 {Black resigns} 1-0

[Event "Team 45 45 League T70"]
[Site "Internet Chess Club"]
[Date "2016.10.17"]
[Round "6"]
[White "MartyJR"]
[Black "Gojira"]
[Result "0-1"]
[WhiteElo "1368"]
[BlackElo "1652"]
[Opening "QGD Slav defense"]
[ECO "D10"]
[Time "21:04:26"]
[TimeControl "2700+45"]

1. d4 d5 2. c4 c6 3. Nc3 Nf6 4. e3 Bf5 5. Nf3 e6 6. cxd5 exd5 7. Bd3 Be4 8. O-O
Bd6 9. Ng5 Bxd3 10. Qxd3 Bxh2+ 11. Kxh2 Ng4+ 12. Kg1 Qxg5 13. e4 Qh4 14. Bf4 Nf6
15. Bg3 Qg4 16. exd5 O-O 17. dxc6 Nxc6 18. Be5 Nxe5 19. dxe5 Nh5 20. Rfe1 Qxg2+
21. Kxg2 Nf4+ 22. Kf1 Nxd3 23. Re3 Nxb2 24. Rb1 Nc4 25. Re4 Nd2+ {White resigns}
0-1

[Event "Team 45 45 League T70"]
[Site "Internet Chess Club"]
[Date "2016.10.15"]
[Round "6"]
[White "charles-allen"]
[Black "Percival"]
[Result "1/2-1/2"]
[WhiteElo "1872"]
[BlackElo "2084"]
[Opening "Queen's pawn: Chigorin variation"]
[ECO "D00"]
[Time "07:03:57"]
[TimeControl "2700+45"]

1. d4 d5 2. Nc3 Nf6 3. Bf4 Bf5 4. f3 e6 5. g4 Bg6 6. h4 h6 7. e3 Bd6 8. Bd3 Bxd3
9. Qxd3 c6 10. O-O-O Qc7 11. Bxd6 Qxd6 12. Nh3 Nbd7 13. g5 Nh5 14. e4 Nf4 15.
Nxf4 Qxf4+ 16. Kb1 O-O-O 17. e5 hxg5 18. Ne2 Qf5 19. Qxf5 exf5 20. hxg5 Rdg8 21.
Nf4 Nf8 22. c3 Ne6 23. Nxe6 fxe6 24. g6 Rh6 25. Rdg1 Rgh8 26. Rxh6 Rxh6 27. Kc2
Rh3 28. Kd2 Rxf3 29. Ke2 Rh3 30. Kf2 Rh6 31. b4 Kd7 32. a4 a6 33. a5 Kc7 34. Rg3
b6 35. Ke2 bxa5 36. bxa5 c5 37. Kd3 c4+ 38. Kc2 Kc6 39. Kb2 Kb5 40. Ka2 Kxa5 41.
Ka3 Rh4 42. Rg2 Rg4 43. Rb2 Rxg6 44. Rb7 Rg3 45. Kb2 Rg2+ 46. Ka3 Rc2 47. Rb5+
axb5 {White stalemated} 1/2-1/2

[Event "Team 45 45 League T70"]
[Site "Internet Chess Club"]
[Date "2016.10.15"]
[Round "6"]
[White "spongenotbob"]
[Black "searchforbobby1"]
[Result "1-0"]
[WhiteElo "1885"]
[BlackElo "1958"]
[Opening "Nimzo-Indian: 4.e3, Bronstein (Byrne) variation"]
[ECO "E45"]
[Time "22:02:40"]
[TimeControl "2700+45"]

1. d4 Nf6 2. c4 e6 3. Nc3 Bb4 4. e3 b6 5. Ne2 Ba6 6. a3 Bxc3+ 7. Nxc3 d5 8. b3
O-O 9. Bd3 dxc4 10. bxc4 Nc6 11. O-O Na5 12. Qe2 c5 13. Rd1 cxd4 14. exd4 Qc8
15. Bg5 Nd7 16. Nb5 Bxb5 17. cxb5 Nb3 18. Rab1 Nxd4 19. Bxh7+ Kxh7 20. Qh5+ Kg8
21. Rxd4 f6 22. Rbd1 Ne5 23. Bf4 Qc2 24. Bxe5 fxe5 25. R4d2 Qf5 26. Qe2 Rac8 27.
Rd3 Rc4 28. Rd8 Rc2 29. Rxf8+ Kxf8 30. Qe3 Qf4 31. Qh3 Qxf2+ 32. Kh1 Ke7 33. Qg4
Kf6 34. h4 Qf4 35. Qh5 Rc4 36. Kg1 Qxh4 37. Rf1+ Rf4 38. Qxh4+ {Black resigns}
1-0

[Event "Team 45 45 League T70"]
[Site "Internet Chess Club"]
[Date "2016.10.17"]
[Round "6"]
[White "LinceHispano44"]
[Black "tightfist"]
[Result "1-0"]
[WhiteElo "1710"]
[BlackElo "1510"]
[Opening "English: symmetrical, four knights system"]
[ECO "A30"]
[Time "18:01:05"]
[TimeControl "2700+45"]

1. Nf3 Nf6 2. c4 c5 3. Nc3 Nc6 4. d4 cxd4 5. Nxd4 Nxd4 6. Qxd4 d6 7. Bg5 e5 8.
Qd2 Be7 9. g3 h6 10. Bxf6 Bxf6 11. Rd1 Be7 12. Bg2 Qa5 13. Nb5 Qxd2+ 14. Rxd2
Kd7 15. c5 a6 16. Nxd6 Bxd6 17. Rxd6+ Kc7 18. O-O Be6 19. a3 Rhd8 20. Rfd1 Rxd6
21. Rxd6 Rb8 22. Kf1 Bd7 23. Ke1 Bc6 24. Bxc6 bxc6 25. Rd2 a5 26. Rc2 Rd8 27.
Rc4 Rd5 28. h4 f5 29. h5 Kb7 30. b4 Ka6 31. e4 fxe4 32. Rxe4 Kb5 33. Ke2 Ka4 34.
Rg4 Kxa3 35. bxa5 Rxc5 36. Rg6 Rxa5 37. Rxc6 Ra7 38. Re6 Kb4 39. Rxe5 Kc4 40. f4
Kd4 41. Kf3 Rf7 42. Kg4 Rd7 43. Kf5 Rd6 44. Re7 Rf6+ 45. Kg4 g6 46. Rh7 gxh5+
47. Kxh5 Ke4 48. Rxh6 Rf8 49. Kg5 Rf5+ 50. Kg4 Rf8 51. Re6+ Kd5 52. Re3 Kd4 53.
Re1 Rg8+ 54. Kf3 Kd5 55. f5 Rg7 56. Kf4 Rg8 57. g4 Rg7 58. g5 Rf7 59. g6 Rg7 60.
Kg5 Rg8 61. f6 Kd6 62. f7 Rb8 63. Rf1 Ke7 64. f8=Q+ Rxf8 65. Rxf8 Kxf8 66. Kf6
Kg8 67. g7 Kh7 68. Kf7 Kh6 69. g8=Q Kh5 70. Kf6 Kh4 71. Kf5 Kh3 72. Kf4 Kh2 73.
Kf3 Kh1 74. Kf2 Kh2 75. Qh7# {Black checkmated} 1-0

[Event "Team 45 45 League T70"]
[Site "Internet Chess Club"]
[Date "2016.10.12"]
[Round "6"]
[White "bss2005"]
[Black "KBuccleuch"]
[Result "0-1"]
[WhiteElo "1900"]
[BlackElo "2157"]
[Opening "Alekhine's defense: exchange variation"]
[ECO "B03"]
[Time "23:00:12"]
[TimeControl "2700+45"]

1. e4 Nf6 2. e5 Nd5 3. d4 d6 4. c4 Nb6 5. exd6 cxd6 6. Nc3 g6 7. Be3 Bg7 8. Rc1
O-O 9. b3 f5 10. d5 e5 11. dxe6 Bxe6 12. Nf3 Nc6 13. Be2 d5 14. Nxd5 Nxd5 15.
cxd5 Bxd5 16. Qxd5+ Qxd5 17. Bc4 Nb4 18. O-O Rf7 19. Bxd5 Nxd5 20. Bd4 Nf4 21.
Rc2 Bf8 22. g3 Ne6 23. Bb2 Rd8 24. Re1 Rc7 25. Rxc7 Nxc7 26. Kg2 h6 27. h4 Nd5
28. Re2 a6 29. Re6 Kf7 30. Re2 Bg7 31. Bxg7 Kxg7 32. Rd2 Kf6 33. Kf1 f4 34. Rd4
Kf5 35. Ke2 g5 36. hxg5 hxg5 37. gxf4 Nxf4+ 38. Kd2 Rxd4+ 39. Nxd4+ Ke4 40. Ne2
Kf3 41. Nxf4 gxf4 42. Ke1 Kg2 43. Ke2 f3+ 44. Ke3 a5 {White resigns} 0-1

[Event "Team 45 45 League T70"]
[Site "Internet Chess Club"]
[Date "2016.10.15"]
[Round "6"]
[White "fledermaus"]
[Black "nurmi"]
[Result "0-1"]
[WhiteElo "1927"]
[BlackElo "2073"]
[Opening "Réti opening"]
[ECO "A04"]
[Time "16:00:52"]
[TimeControl "2700+45"]

1. Nf3 g6 2. d4 Bg7 3. c4 c5 4. d5 b5 5. e4 bxc4 6. Bxc4 d6 7. O-O Nf6 8. Nc3
O-O 9. h3 Nbd7 10. Bf4 Rb8 11. Qc2 Nb6 12. Be2 Nfd7 13. Rab1 c4 14. Be3 Ba6 15.
Nd4 Qc7 16. Nc6 Rbe8 17. b4 e6 18. b5 Bb7 19. a4 Bxc3 20. Qxc3 Nxa4 21. Qa1 Nab6
22. Bh6 f6 23. Bxf8 Kxf8 24. Rfe1 Kf7 25. Rbc1 exd5 26. exd5 Nc5 27. Bg4 Nb3 28.
Rxe8 Nxa1 29. Re7+ Qxe7 30. Nxe7 Nb3 31. Re1 c3 32. Bd1 Nd4 33. Nc6 Bxc6 34.
bxc6 c2 35. Bxc2 Nxc2 36. Rb1 Ke7 37. Rb2 Nd4 38. Ra2 Nb5 39. Ra5 a6 40. Rxa6
Nxd5 41. Ra8 h5 42. Rh8 Ndc7 43. Rh7+ Ke6 44. g4 hxg4 45. hxg4 g5 46. Kg2 d5 47.
Rd7 Ne8 48. Kg3 Nd4 49. Rd8 Nc7 50. Rc8 Kd6 51. Rf8 Kxc6 52. Rxf6+ Nde6 53. Kf3
Kc5 54. Ke3 Kc4 55. Kd2 Nc5 56. f3 d4 57. Rf8 Nd5 58. Rg8 Nb3+ 59. Ke1 d3 60.
Rc8+ Kd4 61. Rd8 Ke5 62. Re8+ Kf4 63. Kf2 Nc3 64. Rf8+ Ke5 65. Re8+ Kf6 66. Ke3
d2 67. Rd8 d1=Q 68. Rxd1 Nxd1+ 69. Ke2 Ke5 {White resigns} 0-1

[Event "Team 45 45 League T70"]
[Site "Internet Chess Club"]
[Date "2016.10.15"]
[Round "6"]
[White "Knight8700"]
[Black "modiglani"]
[Result "0-1"]
[WhiteElo "1936"]
[BlackElo "1831"]
[Opening "King's Indian: fianchetto, classical main line"]
[ECO "E69"]
[Time "12:06:32"]
[TimeControl "2700+45"]

1. d4 g6 2. c4 Bg7 3. Nc3 d6 4. Nf3 c6 5. g3 Nd7 6. Bg2 Ngf6 7. O-O O-O 8. e4 e5
9. h3 exd4 10. Nxd4 Qb6 11. Nb3 Ne8 12. Be3 Qb4 13. Qe2 Ne5 14. c5 Be6 15. Rfd1
Nc4 16. Rac1 Nxe3 17. Qxe3 Bxb3 18. axb3 dxc5 19. Na4 Bd4 20. Qf3 b5 21. Nc3
Qxb3 22. e5 Qxb2 23. Qxc6 Qxf2+ 24. Kh2 Ng7 25. Ne4 Qf5 26. Rf1 Qe6 27. Nf6+ Kh8
28. Nd7 Nf5 29. Qxe6 fxe6 30. Bxa8 Rxa8 31. Nxc5 Bxe5 32. Rb1 Rd8 33. Nxe6 Rd2+
34. Kg1 Bxg3 35. Rf3 Bh2+ 36. Kh1 Ng3+ 37. Rxg3 Bxg3 38. Rf1 Rf2 39. Rc1 h6 40.
Rc8+ Kh7 41. Nd4 b4 42. Ra8 Rh2+ 43. Kg1 Ra2 44. Rf8 a5 45. Ne6 Rf2 46. Ra8 b3
47. Rxa5 b2 48. Rb5 Rc2 49. Rb7+ Kh8 50. Nd4 Rc1+ 51. Kg2 b1=Q 52. Rxb1 Rxb1 53.
Kxg3 Rf1 54. Ne6 Kg8 55. h4 Kf7 56. Nf4 Kf6 57. Kg4 Rg1+ 58. Kf3 Kf5 59. Ng2
Rxg2 {White resigns} 0-1

[Event "Team 45 45 League T70"]
[Site "Internet Chess Club"]
[Date "2016.10.17"]
[Round "6"]
[White "NashGames"]
[Black "cool64chess"]
[Result "1-0"]
[WhiteElo "2160"]
[BlackElo "1961"]
[Opening "French: advance, Paulsen attack"]
[ECO "C02"]
[Time "13:14:33"]
[TimeControl "2700+45"]

1. e4 e6 2. d4 d5 3. e5 c5 4. c3 Nc6 5. Nf3 Nh6 6. dxc5 a5 7. Be3 Nf5 8. Qc1 a4
9. Na3 Be7 10. Bd3 Nxe3 11. Qxe3 O-O 12. Nb5 f6 13. exf6 Bxf6 14. Bc2 e5 15. Rd1
Be6 16. O-O Qe7 17. Rfe1 e4 18. Nd6 a3 19. Nxe4 dxe4 20. Qxe4 g6 21. Qxe6+ Qxe6
22. Rxe6 axb2 23. Nd4 Nxd4 24. cxd4 Rxa2 25. Rxf6 {Black resigns} 1-0

[Event "Team 45 45 League T70"]
[Site "Internet Chess Club"]
[Date "2016.10.15"]
[Round "6"]
[White "laurenpar"]
[Black "LiangLiang"]
[Result "1-0"]
[WhiteElo "1901"]
[BlackElo "1922"]
[Opening "English: symmetrical variation"]
[ECO "A16"]
[Time "21:04:19"]
[TimeControl "2700+45"]

1. c4 Nf6 2. Nc3 c5 3. g3 Nc6 4. Bg2 e6 5. Nf3 Be7 6. O-O O-O 7. d4 cxd4 8. Nxd4
Ne5 9. b3 d6 10. Qc2 a6 11. Rd1 Rb8 12. h3 Bd7 13. Be3 Qc7 14. Rac1 Rfc8 15. Qb2
Qd8 16. a4 Nc6 17. Nc2 Ne5 18. Nd4 Bc6 19. Nxc6 bxc6 20. Qc2 Qa5 21. Ne4 d5 22.
Nxf6+ Bxf6 23. cxd5 exd5 24. Bxd5 cxd5 25. Qxc8+ Rxc8 26. Rxc8+ Bd8 27. b4
{Black resigns} 1-0

[Event "Team 45 45 League T70"]
[Site "Internet Chess Club"]
[Date "2016.10.15"]
[Round "6"]
[White "platolag"]
[Black "PolishRyszard"]
[Result "0-1"]
[WhiteElo "1644"]
[BlackElo "1796"]
[Opening "Dutch with c4 & Nc3"]
[ECO "A85"]
[Time "05:21:25"]
[TimeControl "2700+45"]

1. d4 f5 2. c4 Nf6 3. Nc3 e6 4. e3 Bb4 5. a3 Bxc3+ 6. bxc3 b6 7. Nf3 O-O 8. Bd3
Bb7 9. O-O d6 10. a4 Nbd7 11. a5 Qe8 12. Nd2 Qg6 13. f3 e5 14. a6 Bc6 15. d5 Nc5
16. Bc2 Bd7 17. Nb3 Nxb3 18. Bxb3 Qh5 19. Ba4 g5 20. Bb5 h6 21. Qa4 Qe8 22. Ba3
Rf7 23. Rad1 Rg7 24. Rfe1 Kh8 25. h3 h5 26. Kf2 Bxb5 27. cxb5 Qd7 28. Rh1 Kg8
29. Rh2 Kf7 30. Rdh1 Rag8 31. g3 Ke8 32. e4 Kd8 33. Bb2 Rf7 34. Ke2 Rgf8 35. c4
fxe4 36. f4 gxf4 37. gxf4 exf4 38. Rf1 f3+ 39. Ke3 Qf5 40. Qd1 Ng4+ 41. hxg4
Qf4+ 42. Kd4 Qxh2 43. Bc1 Qe5+ 44. Ke3 hxg4 {White resigns} 0-1

[Event "Team 45 45 League T70"]
[Site "Internet Chess Club"]
[Date "2016.10.14"]
[Round "6"]
[White "volodia80"]
[Black "watkins"]
[Result "1-0"]
[WhiteElo "1700"]
[BlackElo "1408"]
[Opening "Sicilian: Alapin's variation (2.c3)"]
[ECO "B22"]
[Time "11:01:17"]
[TimeControl "2700+45"]

1. e4 c5 2. c3 d6 3. d4 Nd7 4. Nf3 Ngf6 5. Bd3 e6 6. O-O Be7 7. Re1 O-O 8. c4
cxd4 9. Nxd4 Ne5 10. Bf1 a6 11. Nc3 Qc7 12. b3 b6 13. f4 Ned7 14. Bb2 Bb7 15.
Kh1 Nc5 16. Bd3 Nxd3 17. Qxd3 Ng4 18. Qg3 Nf6 19. f5 e5 20. Nf3 Qc5 21. Rac1 Nh5
22. Qg4 Nf4 23. Nd5 Bxd5 24. cxd5 Qb5 25. Nxe5 dxe5 26. Bxe5 f6 27. Bxf4 Rfe8
28. Bh6 Bf8 29. Bxg7 Bxg7 30. Rc7 Qb4 31. Qxg7# {Black checkmated} 1-0

[Event "Team 45 45 League T70"]
[Site "Internet Chess Club"]
[Date "2016.10.15"]
[Round "6"]
[White "EFXBT"]
[Black "Mitochondria"]
[Result "0-1"]
[WhiteElo "1492"]
[BlackElo "1629"]
[Opening "King's Indian defense, 3.Nc3"]
[ECO "E61"]
[Time "22:06:41"]
[TimeControl "2700+45"]

1. d4 Nf6 2. c4 g6 3. Nc3 Bg7 4. Nf3 O-O 5. Bf4 d6 6. e3 Nbd7 7. Be2 Nh5 8. Bg3
c5 9. O-O cxd4 10. Nxd4 Nxg3 11. hxg3 a6 12. a3 Ne5 13. b4 Nc6 14. Bf3 Nxd4 15.
exd4 Rb8 16. Re1 Bd7 17. Qd2 Re8 18. Ne4 Bc6 19. Qc2 Bxd4 20. Rad1 Bg7 21. Re2
Qc8 22. Rde1 Bxe4 23. Rxe4 e6 24. Qd3 Rd8 25. R4e3 b5 26. cxb5 axb5 27. Rc1 Qa6
28. Rc6 Qa7 29. Rxd6 Rxd6 30. Qxd6 Bd4 31. Re2 Bb6 32. Rc2 Rd8 33. Qc6 Qa6 34.
Kh2 Qa7 35. Qxb5 Bxf2 36. Rxf2 Qxf2 37. Qb7 Qd2 38. b5 Rd3 39. a4 Ra3 40. Qa7
Kg7 41. b6 Rxf3 42. b7 Qh6+ 43. Kg1 Qc1+ 44. Kh2 Rf5 45. Qd4+ e5 46. g4 exd4 47.
b8=Q Qf4+ 48. Qxf4 Rxf4 {White resigns} 0-1

[Event "Team 45 45 League T70"]
[Site "Internet Chess Club"]
[Date "2016.10.14"]
[Round "6"]
[White "Zyme"]
[Black "mattwang"]
[Result "1-0"]
[WhiteElo "1405"]
[BlackElo "1292"]
[Opening "QGD: Orthodox defense, Botvinnik variation"]
[ECO "D60"]
[Time "21:00:09"]
[TimeControl "2700+45"]

1. d4 d5 2. c4 e6 3. Nc3 Nf6 4. Bg5 Be7 5. e3 O-O 6. Nf3 Nbd7 7. Bd3 dxc4 8.
Bxc4 Nb6 9. Bd3 Nbd5 10. Nxd5 Nxd5 11. Bxe7 Qxe7 12. Qc2 h6 13. a3 Bd7 14. O-O
Rfd8 15. Rac1 Qd6 16. Be4 c6 17. Ne5 Nf6 18. Bd3 Rac8 19. Qb1 c5 20. Nxd7 Nxd7
21. Rfd1 e5 22. dxc5 Qc6 23. b4 Qf6 24. Bf5 Qc6 25. Rd6 Qc7 26. Rcd1 {Black
resigns} 1-0

[Event "Team 45 45 League T70"]
[Site "Internet Chess Club"]
[Date "2016.10.16"]
[Round "6"]
[White "chuckh2"]
[Black "Rushu2009"]
[Result "1-0"]
[WhiteElo "1482"]
[BlackElo "1263"]
[Opening "Queen's pawn, Mason variation"]
[ECO "D00"]
[Time "16:00:39"]
[TimeControl "2700+45"]

1. d4 d5 2. Bf4 Nc6 3. e3 Nf6 4. Nf3 Bf5 5. Nh4 Bd7 6. Nf3 Nh5 7. Bg5 h6 8. Bh4
g5 9. Nfd2 gxh4 10. Qxh5 e6 11. a3 Bd6 12. f4 Qe7 13. Nf3 O-O-O 14. Ne5 Be8 15.
Nf3 f5 16. Qxh4 Qg7 17. Qg3 Qh7 18. Qf2 Na5 19. Nbd2 a6 20. b4 Nc6 21. b5 axb5
22. Bxb5 Na5 23. Bd3 Ba4 24. Ke2 Rhg8 25. Rhb1 Qd7 26. Ke1 Rg7 27. Qe2 Qc6 28.
Ne5 Bxe5 29. fxe5 Bxc2 30. Bb5 Qc3 31. Rc1 Rdg8 32. g3 Rh8 33. Kf2 c6 34. Nb1
Qb2 35. Qxc2 Qxa1 36. Bd3 f4 37. exf4 h5 38. Qc5 Nb3 39. Qa7 Rgg8 40. Re1 Qb2+
41. Re2 Qxd4+ 42. Qxd4 Nxd4 43. Rb2 h4 44. Rb4 c5 45. Ra4 Kc7 46. Kg2 hxg3 47.
hxg3 Nf5 48. Bxf5 exf5 49. Nc3 d4 50. Nd5+ Kc6 51. Ne7+ Kb5 52. Ra7 Kb6 53. Ra4
Ra8 54. Rxa8 Rxa8 55. Nxf5 d3 56. Ne3 d2 57. f5 Rxa3 58. Nd1 Ra1 59. Nf2 Ra2 60.
Kf3 Kc6 61. g4 Kd7 62. g5 Ra3+ 63. Ke2 Ra2 64. Nd1 Ke7 65. g6 c4 66. f6+ Kf8 67.
e6 c3 68. e7+ Ke8 69. g7 c2 70. g8=Q+ Kd7 71. Qd8+ Kc6 72. e8=Q+ Kc5 73. Qc7+
Kb4 74. Qc3# {Black checkmated} 1-0

[Event "Team 45 45 League T70"]
[Site "Internet Chess Club"]
[Date "2016.10.17"]
[Round "6"]
[White "Hal2001"]
[Black "zap2"]
[Result "1/2-1/2"]
[WhiteElo "1561"]
[BlackElo "1751"]
[Opening "Philidor: Improved Hanham variation"]
[ECO "B07"]
[Time "08:14:23"]
[TimeControl "2700+45"]

1. e4 d6 2. d4 Nf6 3. Nc3 e5 4. Nf3 Nbd7 5. Bc4 Be7 6. O-O O-O 7. Be3 c6 8. a4
b6 9. d5 Bb7 10. h3 Nc5 11. Bxc5 bxc5 12. Re1 a5 13. Qd3 Nh5 14. Ne2 Ra7 15. g3
Qa8 16. Nc3 Nf6 17. Rad1 cxd5 18. Nxd5 Nxd5 19. Bxd5 Bxd5 20. Qxd5 Qxd5 21. Rxd5
Rb7 22. b3 f5 23. Nd2 Ra7 24. Nc4 Ra6 25. exf5 Rxf5 26. f4 Kf7 27. fxe5 Ke6 28.
Nxd6 Rh5 29. Rd3 Rxh3 30. Nc4 g5 31. Kg2 g4 32. Rh1 Rxh1 33. Kxh1 Bg5 34. Kg2
Ra7 35. Rd6+ Kf5 36. Rc6 Be7 37. Rh6 Bg5 38. Rc6 Be7 39. Rh6 Bg5 40. Rc6 Be7 41.
Rh6 Bg5 42. Rc6 {Game drawn by repetition} 1/2-1/2

[Event "Team 45 45 League T70"]
[Site "Internet Chess Club"]
[Date "2016.10.16"]
[Round "6"]
[White "tuantuan"]
[Black "mongmong"]
[Result "0-1"]
[WhiteElo "1451"]
[BlackElo "1524"]
[Opening "French: Tarrasch"]
[ECO "C03"]
[Time "20:00:44"]
[TimeControl "2700+45"]

1. e4 e6 2. d4 d5 3. Nd2 h6 4. Ngf3 Nf6 5. e5 Nfd7 6. Bb5 c5 7. c3 Qb6 8. Ba4
Nc6 9. Nb3 cxd4 10. cxd4 Bb4+ 11. Bd2 O-O 12. Bxc6 bxc6 13. O-O Ba6 14. Re1 Bxd2
15. Qxd2 c5 16. dxc5 Nxc5 17. Nxc5 Qxc5 18. Rac1 Qb6 19. b4 Rac8 20. a4 Rxc1 21.
Rxc1 Rc8 22. b5 Bb7 23. Rb1 Qc5 24. h3 a6 25. b6 Qc2 26. Qxc2 Rxc2 27. Rb4 Kf8
28. Nd4 Rc5 29. f3 Ke7 30. Kh2 f6 31. exf6+ Kxf6 32. Kg3 e5 33. Nb3 Rc4 34. Rxc4
dxc4 35. Nc1 Ke6 36. a5 Kd5 37. Kf2 Kc5 38. Ke3 Kb5 39. g4 Kxa5 40. f4 exf4+ 41.
Kxf4 Kxb6 42. Ke3 Kc5 43. Kd2 a5 44. Kc3 Bf3 45. Na2 g5 46. Nc1 Bg2 47. Ne2 Bxh3
48. Ng3 Bxg4 49. Ne4+ Kb6 50. Kxc4 Be6+ 51. Kc3 g4 52. Ng3 Bf7 53. Kb2 h5 54.
Ka3 h4 55. Ne2 g3 56. Nf4 Be8 57. Kb3 Bc6 58. Ka2 g2 59. Nh3 Kc5 60. Kb3 Kd4 61.
Kb2 Ke3 62. Kb3 Kf3 63. Kc4 Kg3 64. Ng1 a4 65. Kb4 h3 66. Ka3 h2 67. Ne2+ Kf2
68. Nf4 g1=Q 69. Nh3+ Kg2 70. Nxg1 hxg1=Q 71. Kb2 Qf2+ 72. Kc1 a3 73. Kb1 Qb2#
{White checkmated} 0-1

[Event "Team 45 45 League T70"]
[Site "Internet Chess Club"]
[Date "2016.10.15"]
[Round "6"]
[White "smsxman"]
[Black "bunny77"]
[Result "0-1"]
[WhiteElo "1377"]
[BlackElo "1323"]
[Opening "Four knights: Italian variation"]
[ECO "C47"]
[Time "12:00:15"]
[TimeControl "2700+45"]

1. e4 e5 2. Nf3 Nc6 3. Nc3 Nf6 4. Bc4 Nxe4 5. Bxf7+ Kxf7 6. Nxe4 Be7 7. O-O Rf8
8. d4 d5 9. Nc5 Bxc5 10. dxc5 Kg8 11. b4 a6 12. a3 Bg4 13. h3 Bxf3 14. gxf3 Qh4
15. Kg2 Rad8 16. Bb2 d4 17. Bc1 Rf7 18. Qd2 h6 19. a4 Rdf8 20. Ra3 Qh5 21. Qe2
Nxb4 22. Rg1 Nxc2 23. Qxc2 Rxf3 24. Qc4+ Kh8 25. Rf1 Qxh3+ 26. Kg1 Rxa3 27. Bxa3
Qxa3 28. c6 Rf4 29. f3 b6 30. Qxa6 Rxf3 31. Rxf3 Qxf3 32. Qc8+ Kh7 33. Qxc7 d3
34. Qd7 d2 35. Qxd2 Qxc6 36. Qd3+ Qg6+ 37. Qxg6+ Kxg6 38. Kf2 h5 39. Kf3 Kg5 40.
Ke4 h4 41. Kd5 h3 42. Kc6 h2 43. Kxb6 h1=Q 44. a5 Qa8 45. a6 e4 46. a7 e3 {White
resigns} 0-1

[Event "Team 45 45 League T70"]
[Site "Internet Chess Club"]
[Date "2016.10.21"]
[Round "6"]
[White "liujf"]
[Black "dabodhi"]
[Result "0-1"]
[WhiteElo "1316"]
[BlackElo "1338"]
[Opening "Scandinavian: Pytel-Wade variation"]
[ECO "B01"]
[Time "22:00:12"]
[TimeControl "2700+45"]

1. e4 d5 2. exd5 Qxd5 3. Nc3 Qd6 4. Nf3 Nf6 5. Bc4 c6 6. O-O Bg4 7. Re1 e6 8. d3
Be7 9. Bg5 O-O 10. Ne4 Nxe4 11. Bxe7 Qxe7 12. Rxe4 Bf5 13. Rf4 Nd7 14. Rh4 Ne5
15. Rh5 g6 16. Rh6 Nxf3+ 17. Qxf3 Qg5 18. Qe3 Qf6 19. c3 Rfd8 20. f3 b5 21. g4
bxc4 22. gxf5 Rxd3 23. fxg6 fxg6 24. Qc5 Rd5 25. Qxc6 Rad8 26. Rh3 Qg5+ 27. Kf1
Rd1+ 28. Rxd1 Rxd1+ 29. Kf2 Rd2+ 30. Kf1 Qg2+ {White resigns} 0-1

[Event "Team 45 45 League T70"]
[Site "Internet Chess Club"]
[Date "2016.10.17"]
[Round "6"]
[White "RD1974"]
[Black "ascoli"]
[Result "0-1"]
[WhiteElo "1639"]
[BlackElo "1568"]
[Opening "Sicilian: closed"]
[ECO "B24"]
[Time "14:45:17"]
[TimeControl "2700+45"]

1. e4 c5 2. Nc3 Nc6 3. g3 g6 4. Bg2 Bg7 5. d3 Nf6 6. Be3 d6 7. h3 Qb6 8. Rb1 O-O
9. Nf3 Nd4 10. O-O e5 11. Kh2 Nh5 12. Nd5 Qd8 13. Nh4 f5 14. f4 fxe4 15. Bxe4
exf4 16. Nxf4 Nxg3 17. Bd5+ Kh8 18. Nhxg6+ hxg6 19. Nxg6+ Kh7 20. Nxf8+ Bxf8 21.
Rf7+ Bg7 22. Kxg3 Nf5+ 23. Kf2 Qh4+ 24. Ke2 Nxe3 25. Rxg7+ Kxg7 26. Qg1+ Ng4 27.
Be4 Qxh3 28. Bg2 Qh2 29. Qf1 Qe5+ 30. Kd2 Qg5+ 31. Kc3 Qf6+ 32. Kb3 Be6+ 33. c4
Qxf1 34. Rxf1 Rb8 35. Rg1 Kf6 36. Bh3 Ne5 37. Rf1+ Ke7 38. Bxe6 Kxe6 39. Re1 Kd7
40. Kc2 b5 41. b3 bxc4 42. dxc4 Rb6 43. Rh1 Ra6 44. a4 Kc6 45. Rh7 Nd7 46. Rh6
Rb6 47. Kc3 a5 48. Rh8 Rb8 49. Rh7 Ne5 50. Rg7 Rb7 51. Rg8 Nf3 52. Ra8 Nd4 53.
Rxa5 Rxb3+ 54. Kd2 Rb8 55. Ra7 Rb7 56. Ra8 Kc7 57. a5 Nc6 58. Ra6 Ra7 59. Rb6
Nxa5 {White resigns} 0-1

[Event "Team 45 45 League T70"]
[Site "Internet Chess Club"]
[Date "2016.10.17"]
[Round "6"]
[White "herrahuu"]
[Black "Bible-Believer"]
[Result "1/2-1/2"]
[WhiteElo "1439"]
[BlackElo "1424"]
[Opening "Old Indian defense"]
[ECO "A42"]
[Time "13:00:20"]
[TimeControl "2700+45"]

1. d4 d6 2. c4 c6 3. e4 Nf6 4. Nc3 e5 5. dxe5 dxe5 6. Qxd8+ Kxd8 7. Nf3 Bd6 8.
Be2 Ke7 9. O-O Nbd7 10. Rd1 Nc5 11. Ng5 h6 12. Rxd6 hxg5 13. Rd1 Nfxe4 14. Nxe4
Nxe4 15. Bf3 Bf5 16. Bxe4 Bxe4 17. Bxg5+ f6 18. Be3 b6 19. Rd2 Rad8 20. Rad1 Bc2
21. Rxd8 Rxd8 22. Rxd8 Kxd8 {Game drawn by mutual agreement} 1/2-1/2